 Dungeon Crawl Stone Soup version 0.23.1-37-gaa34b87 (webtiles) character file.

Game seed: 4767677906743735829

53 vishdafish the Changer (level 3, -1/23 HPs)
             Began as an Octopode Transmuter on Mar 21, 2019.
             Slain by a worm (10 damage)
             ... on level 2 of the Dungeon.
             The game lasted 00:01:39 (1190 turns).

vishdafish the Changer (Octopode Transmuter)        Turns: 1190, Time: 00:01:40

Health: -1/23      AC:  1    Str: 10    XL:     3   Next: 87%
Magic:  6/6        EV: 13    Int: 15    God:
Gold:   96         SH:  0    Dex: 12    Spells: 3/6 levels left

rFire    . . .     SeeInvis .     - Unarmed
rCold    . . .     Gourm    .   (no shield)
rNeg     . . .     Faith    .   (helmet restricted)
rPois    .         Spirit   .   (no amulet)
rElec    .         Reflect  .   (no ring)
rCorr    .         Harm     .   (no ring)
MR       .....                  (no ring)
Stlth    ++........             (no ring)
HPRegen  0.07/turn              (no ring)
MPRegen  0.10/turn              (no ring)
                                (no ring)
                                (no ring)

@: no status effects
A: almost no armour, stealthy swim, amphibious, 8 rings, constrict 8, camouflage
1, gelatinous body 1
a: no special abilities


You were on level 2 of the Dungeon.
You were hungry.

You visited 1 branch of the dungeon, and saw 2 of its levels.

You collected 96 gold pieces.

Inventory:

Missiles
 a - 12 arrows
 h - a steel javelin (quivered)
Scrolls
 b - 2 scrolls of identify {unknown}
 e - a scroll of magic mapping {unknown}
 f - a scroll of teleportation {unknown}
 k - a scroll of immolation {unknown}
Potions
 d - a potion of degeneration {unknown}
 g - a potion of resistance {unknown}
 i - a potion of brilliance {unknown}
 j - a potion of lignification {unknown}
 l - a potion of mutation {unknown}
Comestibles
 c - 7 rations


   Skills:
 - Level 1.0 Fighting
 - Level 2.0 Dodging
 - Level 3.0 Unarmed Combat
 - Level 2.0 Spellcasting
 + Level 4.1 Transmutations


You had 3 spell levels left.
You knew the following spells:

 Your Spells              Type           Power        Failure   Level  Hunger
a - Beastly Appendage     Tmut           ##....       4%          1    #......
b - Sticks to Snakes      Tmut           ##......     6%          2    ###....

Your spell library contained the following spells:

 Spells                   Type           Power        Failure   Level  Hunger
 Spider Form              Tmut/Pois      #.........   28%         3    ###....
 Ice Form                 Ice/Tmut       #.......     67%         4    #####..
 Blade Hands              Tmut           ##........   75%         5    ######.


Dungeon Overview and Level Annotations

Branches:
Dungeon (2/15)

Altars:


Innate Abilities, Weirdness & Mutations

You cannot wear most types of armour.
You are very stealthy in the water. (Stealth+)
You are amphibious.
You can wear up to eight rings at the same time.
You can use your tentacles to constrict eight enemies at once.
Your skin changes colour to match your surroundings (Stealth+).
Your rubbery body absorbs attacks. (AC +1, EV +1)


Message History

You throw a steel javelin. The steel javelin hits the worm.
The worm is moderately wounded.
Throwing (i - inventory)
h - 4 steel javelins (quivered)
Press: ? - help, Shift-Dir - straight line, f/p - worm
Aim: a worm (moderately wounded)
You throw a steel javelin. The steel javelin hits the worm.
The worm is heavily wounded.
Unknown command.
Throwing (i - inventory)
h - 3 steel javelins (quivered)
Press: ? - help, Shift-Dir - straight line, f/p - worm
Aim: a worm (heavily wounded)
You throw a steel javelin. The steel javelin hits the worm.
The worm is heavily wounded.
Throwing (i - inventory)
h - 2 steel javelins (quivered)
Press: ? - help, Shift-Dir - straight line, f/p - worm
Aim: a worm (heavily wounded)
You throw a steel javelin. The steel javelin hits the worm!
The worm is almost dead.
The worm bites you!
You die...

..#######
....†...##
###.###..# #.
#..# #+###..#
+....##########
#
###..(...(ww@.#
##
#.#########.#
#######.# .#
......w.# =#
#.##..### .#
.......w..# .#
###.####.....
## #. .### # #


You could see a worm and a dart slug.

Vanquished Creatures
  An adder (D:2)
  An ooze (D:2)
  4 giant cockroaches (D:1)
  5 goblins (D:1)
  3 hobgoblins
  4 jackals (D:2)
  A quokka (D:2)
  A ball python (D:1)
  10 bats (D:1)
  3 kobolds (D:1)
  4 rats
37 creatures vanquished.

Notes
Turn   | Place    | Note
-------+----------+-------------------------------------------
     0 | D:1      | vishdafish the Octopode Transmuter began the quest for the
                  | Orb.
     0 | D:1      | Reached XP level 1. HP: 13/13 MP: 3/3
    72 | D:1      | Reached XP level 2. HP: 12/18 MP: 5/5
   307 | D:1      | Reached skill level 3 in Transmutations
   675 | D:1      | Reached XP level 3. HP: 23/23 MP: 6/6
  1088 | D:2      | Learned a level 2 spell: Sticks to Snakes
  1151 | D:2      | Reached skill level 4 in Transmutations
  1190 | D:2      | Slain by a worm

Skill      XL: |  1  2  3 |
---------------+----------+-----
Transmutations | 3 4 |  4.1
Fighting       | |  1.0
Dodging        | |  2.0
Unarmed Combat | |  3.0
Spellcasting   | |  2.0

Action                   || total
-------------------------++-------
Melee: Unarmed           ||    90
       Constrict         ||    26
       Tentacles         ||    13
       Punch             ||     2
Throw: Javelin           ||     7
 Stab: Sleeping          ||     8
Armor: Skin              ||    12
Dodge: Dodged            ||    84
